 Dungeon Crawl Stone Soup version 0.28-a0-258-g8de209e91f (webtiles) character file.

Game seed: 16440691996932172632

47 SeanNever the Chopper (level 3, -2/27 HPs)
             Began as a Minotaur Gladiator on Aug 26, 2021.
             Was a Follower of Hepliaklqana.
             Slain by an ice beast (9 damage)
             ... on level 3 of the Dungeon.
             The game lasted 00:10:59 (1220 turns).

SeanNever the Chopper (Minotaur Gladiator)          Turns: 1220, Time: 00:11:04

Health: -2/27      AC:  6    Str: 18    XL:     3   Next: 48%
Magic:  2/2        EV: 10    Int:  5    God:    Hepliaklqana [*.....]
Gold:   36         SH:  0    Dex: 12    Spells: 2/2 levels left

rFire   . . .      SeeInvis .   a - +0 war axe
rCold   . . .      Faith    .   (no shield)
rNeg    . . .      Spirit   .   e - +0 scale mail
rPois   .          Reflect  .   c - +0 hat
rElec   .          Harm     .   (no cloak)
rCorr   .          Rampage  .   (no gloves)
Will    .....                   (no boots)
Stlth   ..........              (no amulet)
HPRegen 0.09/turn               (no ring)
MPRegen 0.08/turn               (no ring)

@: no status effects
A: reduced essence, horns 2, retaliatory headbutt
a: Renounce Religion, Recall Ancestor, Ancestor Identity


You were on level 3 of the Dungeon.
You worshipped Hepliaklqana.
Hepliaklqana was aware of your devotion.
You visited 1 branch of the dungeon, and saw 3 of its levels.

You collected 36 gold pieces.

Inventory:

Hand Weapons
 a - a +0 war axe (weapon)
Missiles
 d - 3 throwing nets (quivered)
Armour
 b - a +0 leather armour
 c - a +0 hat (worn)
 e - a +0 scale mail (worn)
Jewellery
 m - a ring of flight
Scrolls
 f - 4 scrolls of identify {unknown}
 g - a scroll of teleportation {unknown}
 h - a scroll of fear {unknown}
 i - a scroll of fog {unknown}
Potions
 j - a potion of curing {unknown}
 k - 2 potions of brilliance {unknown}
 l - a potion of might {unknown}


   Skills:
 + Level 2.8 Fighting
 + Level 4.6 Axes
 + Level 2.0 Throwing
 + Level 1.1 Armour
 + Level 3.7 Dodging


You had 2 spell levels left.
You didn't know any spells.
Your spell library was empty.

Dungeon Overview and Level Annotations

Branches:
Dungeon (3/15)

Altars:
Hepliaklqana


Innate Abilities, Weirdness & Mutations

Your life essence is reduced to manifest your ancestor. (-10% HP)
You have a pair of horns on your head.
You reflexively headbutt those who attack you in melee.


Message History

You hit the fungus.
A nearby fungus withers and dies. x2
You swap places.
You slash the fungus!
The fungus begins to die.
You headbutt the fungus!
The fungus is lightly damaged.
Takurtum hits the fungus.
You hit the fungus.
The fungus is lightly damaged.
Takurtum hits the fungus. x2
You hit the fungus.
The fungus is lightly damaged.
Takurtum hits the fungus.
You completely miss the fungus.
The fungus is lightly damaged.
A nearby fungus withers and dies.
You swap places.
You see here a frilled lizard corpse.
Found a scroll labelled YMAECHIAMU.
f - 4 scrolls labelled YMAECHIAMU (gained 1)
An ice beast comes into view.
The ice beast hits you but does no damage.
You closely miss the ice beast. You headbutt the ice beast.
The ice beast is lightly wounded.
Takurtum hits the ice beast but does no damage.
The ice beast hits you but does no damage.
Takurtum hits the ice beast.
You completely miss the ice beast.
The ice beast is moderately wounded.
The ice beast barely misses you.
Takurtum barely misses the ice beast.
You hit the ice beast.
The ice beast is moderately wounded.
The ice beast barely misses you.
Takurtum closely misses the ice beast.
The ice beast hits you. The ice beast freezes you!
Ouch! That really hurt!
You hit the ice beast but do no damage.
You headbutt the ice beast, but do no damage.
The ice beast is moderately wounded.
Takurtum closely misses the ice beast.
The ice beast hits you.
* * * LOW HITPOINT WARNING * * *
The ice beast freezes you!
You die...

#.######. ##########
#.# #........# #.#
#.######.# #.# #.# #.#
#.# #.# #.# #.# #.# #.#
#.# #.######.#
#.######.
#....R@#.######........
######Y#...............
#.################ #.#
#.# #.# #.. ###


You could see the friendly Takurtum the ancestor and an ice beast (ally target).

Vanquished Creatures
  An adder (D:2)
  A worm (D:2)
  A dart slug (D:1)
  A bat (D:1)
  An endoplasm (D:2)
  2 giant cockroaches (D:1)
  6 goblins
  4 hobgoblins (D:1)
  A quokka (D:1)
  3 ball pythons
  6 frilled lizards
  4 kobolds
  2 rats (D:1)
33 creatures vanquished.

Vanquished Creatures (others)
  3 fungi (D:3)
3 creatures vanquished.

Grand Total: 36 creatures vanquished

Notes
Turn   | Place    | Note
-------+----------+-------------------------------------------
     0 | D:1      | SeanNever the Minotaur Gladiator began the quest for the
                  | Orb.
     0 | D:1      | Reached XP level 1. HP: 18/18 MP: 0/0
   495 | D:1      | Reached XP level 2. HP: 23/25 MP: 1/1
   512 | D:1      | Reached skill level 4 in Axes
   711 | D:2      | Reached XP level 3. HP: 17/30 MP: 2/2
   878 | D:1      | Found a faded altar of an unknown god.
   888 | D:1      | Reached skill level 1 in Armour
   899 | D:1      | Became a worshipper of Hepliaklqana the Forgotten
   899 | D:1      | Reached * piety under Hepliaklqana
  1215 | D:3      | Noticed an ice beast
  1220 | D:3      | Slain by an ice beast

Illustrated notes

Levels and vault maps discovered:
D:1:      psy_arrival_dodecagon, layout_rooms, ebering_ecumenical_altar_mist
D:2:      layout_basic
D:3:      layout_basic, nicolae_hepliaklqana_hazy_memory,
          uniq_crazy_yiuf_cottage

Skill      XL: |  1  2  3 |
---------------+----------+-----
Axes           | 4 |  4.6
Armour         | 1 |  1.1
Fighting       | |  2.8
Throwing       | |  2.0
Dodging        | |  3.7

Action                   || total
-------------------------++-------
Melee: War axe           ||    60
       Headbutt          ||    17
Armor: Leather armour    ||     2
       Scale mail        ||    18
Dodge: Dodged            ||    35

Table legend: (Time is in decaauts)
 A = Elapsed time spent in this place.
 B = Non-inter-level travel time spent in this place.
 C = Inter-level travel time spent in this place.
 D = Time resting spent in this place.
 E = Time spent auto-exploring this place.
 F = Levels seen in this place.
 G = Mean time per level.
                   A        B        C        D        E       F      G
               +--------+--------+--------+--------+--------+-----+--------+
         Total |   1237 |   1171 |     66 |      0 |      0 |   3 |  412.3 |
       Dungeon |   1237 |   1171 |     66 |      0 |      0 |   3 |  412.3 |
               +--------+--------+--------+--------+--------+-----+--------+

Top non-repeatable levels by time:
     D:1: 840 daAuts
     D:2: 294 daAuts
     D:3: 102 daAuts
